 Dungeon Crawl Stone Soup version 0.29.1-12-g30fa7ad0bf (webtiles) character file.

Game seed: 5825865404761688096

2 cdecastro the Trooper (level 1, 0/18 HPs)
             Began as a Mummy Cinder Acolyte on Dec 15, 2022.
             Was a High Priest of Ignis.
             Slain by a kobold
             ... wielding a +0 whip
              (3 damage)
             ... on level 1 of the Dungeon.
             The game lasted 00:00:27 (137 turns).

cdecastro the Trooper (Mummy Cinder Acolyte)         Turns: 137, Time: 00:00:28

Health: 0/18       AC:  2    Str: 17    XL:     1   Next: 33%
Magic:  2/2        EV: 11    Int: 13    God:    Ignis [*****.]
Gold:   0          SH:  0    Dex:  7    Spells: 2/2 levels left

rFire   . . .      SeeInvis .   a - -1 spear (flame)
rCold   + . .      Faith    .   (no shield)
rNeg    + + +      Spirit   .   b - +0 robe
rPois   ∞          Reflect  .   (no helmet)
rElec   .          Harm     .   (no cloak)
rCorr   .          Rampage  .   (no gloves)
Will    .....                   (no boots)
Stlth   +.........              (no amulet)
HPRegen 0.06/turn               (no ring)
MPRegen 0.08/turn               (no ring)

@: no status effects
A: cold resistance 1, negative energy resistance 3, torment resistance 2, heat
vulnerability 1, no potions
a: Renounce Religion, Fiery Armour, Foxfire Swarm, Rising Flame


You were on level 1 of the Dungeon.
You worshipped Ignis.
Ignis was extremely pleased with you.
You visited 1 branch of the dungeon, and saw 1 of its levels.

Inventory:

Hand Weapons
 a - a -1 spear of flaming (weapon)
Armour
 b - a +0 robe (worn)


   Skills:
 - Level 3.0 Fighting
 - Level 2.4 Polearms
 - Level 1.3 Spellcasting
 + Level 2.6 Fire Magic


You had 2 spell levels left.
You didn't know any spells.
Your spell library contained the following spells:

 Spells                   Type           Power      Damage    Failure   Level
 Scorch                   Fire           14%        2d6       14%         2


Dungeon Overview and Level Annotations

Branches:
Dungeon (1/15)

Altars:


Innate Abilities, Weirdness & Mutations

You are immune to poison.
Your flesh is cold resistant. (rC+)
You are immune to negative energy. (rN+++)
You are immune to unholy pain and torment.
You are vulnerable to heat. (rF-)
You do not drink.


Message History

A hobgoblin is nearby!
A hobgoblin is nearby!
A hobgoblin is nearby!
The hobgoblin shouts!
You see here a +0 dagger.
You reach to attack!
You closely miss the hobgoblin. You hit the hobgoblin but do no damage.
The hobgoblin hits you.
You hit the hobgoblin. You burn the hobgoblin.
The hobgoblin is severely wounded.
The hobgoblin hits you.
You hit the hobgoblin. You burn the hobgoblin.
You kill the hobgoblin!
No target in view!
No target in view!
HP restored.
Things that are here:
a +0 ring mail; a hobgoblin corpse A kobold comes into view.
It is wielding a +0 whip.
A kobold is nearby!
Found a hand axe.
The kobold shouts!
The kobold throws a stone.
The stone closely misses you.
Found a scroll labelled POOGE GENECW.
The kobold throws a stone.
The stone hits you but does no damage.
A goblin comes into view. It is wielding a +0 dagger of draining.
You closely miss the kobold. The kobold hits you with a +0 whip.
You closely miss the kobold. The kobold closely misses you.
You closely miss the kobold. The kobold closely misses you.
The goblin hits you with a +0 dagger of draining.
You hit the kobold but do no damage. The kobold hits you with a +0 whip.
The goblin hits you with a +0 dagger of draining.
* * * LOW HITPOINT WARNING * * *
You are too injured to fight recklessly!
You completely miss the goblin. The kobold hits you with a +0 whip.
* * * LOW HITPOINT WARNING * * *
The goblin closely misses you.
You hit the goblin. You burn the goblin.
You kill the goblin!
The kobold hits you with a +0 whip.
You die...

.#.#.######.# #.#
.......# #.# #.#
##...#.# #.# #.#
#.....####.####.#
#.#.##..........#+####
#.#..#.###.##........#
#....# # #..+........#
###..# ####........#
#..@.....# #..K)...)#
#........# #........#
#........# #.?......#
#........# #........#


You could see a kobold.

Vanquished Creatures
  2 goblins (D:1)
  A hobgoblin (D:1)
3 creatures vanquished.

Notes
Turn   | Place    | Note
-------+----------+-------------------------------------------
     0 | D:1      | cdecastro the Mummy Cinder Acolyte began the quest for the
                  | Orb.
     0 | D:1      | Reached XP level 1. HP: 18/18 MP: 2/2
   137 | D:1      | Slain by a kobold

Illustrated notes

Levels and vault maps discovered:
D:1:      wheals_arrival_linesprint, layout_basic, serial_shops,
          nicolae_shop_hallway_stairs, minmay_misc_feat_tiny

Action                   || total
-------------------------++-------
Melee: Spear             ||    12
Armor: Robe              ||     1
Dodge: Dodged            ||     4
